 Dungeon Crawl Stone Soup version 0.27-a0-1060-gcb85b5eba1 (webtiles) character file.

Game seed: 4027674788039026911

1069 littlecub the Skirmisher (level 8, -2/64 HPs)
             Began as a Demonspawn Berserker on Apr 21, 2021.
             Was a Believer of Trog.
             Slain by an ogre
             ... wielding a +0 giant club
              (8 damage)
             ... on level 8 of the Dungeon.
             The game lasted 00:11:26 (5746 turns).

littlecub the Skirmisher (Demonspawn Berserker)     Turns: 5746, Time: 00:11:27

Health: -2/64      AC: 17    Str: 19    XL:     8   Next: 7%
Magic:  8/8        EV:  8    Int:  9    God:    Trog [**....]
Gold:   233        SH: 12    Dex: 13    Spells: 7/7 levels left

rFire    . . .     SeeInvis .   a - +0 hand axe
rCold    . . .     Faith    .   r - +0 kite shield
rNeg     . . .     Spirit   .   p - +0 plate armour
rPois    .         Reflect  .   (no helmet)
rElec    .         Harm     .   (no cloak)
rCorr    .         Rampage  .   (no gloves)
Will     .....                  e - +2 pair of boots
Stlth    ..........             n - amulet of the acrobat
HPRegen  0.20/turn              m - +4 ring of evasion
MPRegen  0.11/turn              (no ring)

@: no status effects
A: slimy green scales 2, foul stench 2, condensation shield
a: Renounce Religion, Berserk, Trog's Hand


You were on level 8 of the Dungeon.
You worshipped Trog.
Trog was pleased with you.
You visited 1 branch of the dungeon, and saw 8 of its levels.

You collected 233 gold pieces.

Inventory:

Hand Weapons
 a - a +0 hand axe (weapon)
Armour
 e - a +2 pair of boots (worn)
 p - a +0 plate armour (worn)
 r - a +0 kite shield (worn)
Jewellery
 m - a +4 ring of evasion (left hand)
 n - an amulet of the acrobat (around neck)
Wands
 q - a wand of digging (2)
Scrolls
 j - a scroll of enchant armour
Potions
 c - a potion of heal wounds {unknown}
 d - a potion of attraction
 f - a potion of brilliance
 g - a potion of flight {unknown}
 i - a potion of lignification
 l - a potion of magic


   Skills:
 * Level 6.1 Fighting
 * Level 5.5 Axes
 + Level 3.8 Armour
 + Level 3.7 Dodging
 + Level 1.1 Shields


You had 7 spell levels left.
You didn't know any spells.
Your spell library was empty.

Dungeon Overview and Level Annotations

Branches:
Dungeon (8/15)
 Temple: D:4-7         Lair: D:8-11

Altars:
Ru
Uskayaw


Innate Abilities, Weirdness & Mutations

You are mostly covered in slimy green scales. (AC +3)
You sometimes emit foul miasma when damaged in melee.
A meltable shield of frost defends you. (SH +4)


Message History

Your +2 pair of boots melds into your body.
Your +0 plate armour melds into your body.
Your roots penetrate the ground.
You barely miss the ogre.
The ogre is lightly wounded.
The orc wizard casts a spell at itself.
The orc wizard flickers and vanishes!
You block the ogre's attack. The orc is pulled toward you!
The orc shouts!
You slash the ogre!
The ogre is moderately wounded.
You hit the orc. The orc hits you but does no damage.
The ogre hits you with a +0 giant club.
* * * LOW HITPOINT WARNING * * *
You block the orc's attack.
You hit the orc.
The orc is heavily wounded.
You barely miss the ogre. The ogre hits you with a +0 giant club!
* * * LOW HITPOINT WARNING * * *
You block the orc's attack.
Your magical effects are unravelling.
You feel magically purged.
You feel less wooden.
Your +2 pair of boots unmelds from your body.
Your +0 plate armour unmelds from your body.
You block the ogre's attack. You block the orc's attack.
You feel less attractive to monsters.
You hit the orc.
The orc is almost dead.
You hit the ogre. The ogre hits you but does no damage.
The orc barely misses you.
You hit the orc.
You kill the orc!
Trog accepts your kill.
You hit the ogre. The ogre completely misses you. You block the orc's attack.
You hit the orc.
The orc is lightly wounded.
Your plate armour prevents you from hitting the ogre.
The ogre hits you with a +0 giant club!
You die...

#### ...#### ......#
##.##)# .#..#.#
##..).########
.#....<......#
.#....######.##########
o#....# #...o@OOog{#
o##.### #.o#######.#
#.# #..##### #.# ##+##
#......# #O# ##...##
##.###.# #)# #.....##
#.###.###o# .......##
##.....O...# oo......#
##...##O##### .<......+
..... #.#


You could see an orc warrior, 2 ogres, a gnoll and 2 orcs.

Vanquished Creatures
  Menkaure (D:5)
  2 orc warriors (D:8)
  A necrophage (D:4)
  A centaur (D:5)
  A gnoll sergeant (D:8)
  A bullfrog (D:8)
  A scorpion (D:4)
  A gnoll shaman (D:8)
  2 orc priests
  2 bullfrog skeletons (D:5)
  A scorpion zombie (D:5)
  An iguana (D:4)
  A howler monkey zombie (D:8)
  2 adders
  9 gnolls
  4 dart slugs
  14 orcs
  2 ball pythons (D:1)
  An endoplasm (D:4)
  3 giant cockroaches
  10 goblins
  5 hobgoblins
  7 jackals
  7 kobolds
  9 bats
  6 frilled lizards
  4 rats
99 creatures vanquished.

Vanquished Creatures (others)
  5 fungi (D:8)
  2 plants (D:8)
7 creatures vanquished.

Grand Total: 106 creatures vanquished

Notes
Turn   | Place    | Note
-------+----------+-------------------------------------------
     0 | D:1      | littlecub the Demonspawn Berserker began the quest for the
                  | Orb.
     0 | D:1      | Reached XP level 1. HP: 18/18 MP: 1/1
   289 | D:1      | Gained mutation: You may rarely emit foul miasma when
                  | damaged in melee. [demonic ancestry]
   289 | D:1      | Reached XP level 2. HP: 24/24 MP: 2/2
   784 | D:1      | Reached ** piety under Trog
   786 | D:1      | Gained mutation: You sometimes emit foul miasma when
                  | damaged in melee. [demonic ancestry]
   786 | D:1      | Reached XP level 3. HP: 29/29 MP: 3/3
  1006 | D:1      | Found a faded altar of an unknown god.
  1522 | D:2      | You fall into a shaft and drop 1 floor!
  1640 | D:3      | Gained mutation: You are partially covered in slimy green
                  | scales. (AC +2) [demonic ancestry]
  1640 | D:3      | Reached XP level 4. HP: 33/37 MP: 4/4
  2841 | D:3      | Reached skill level 4 in Fighting
  3523 | D:4      | Gained mutation: You are mostly covered in slimy green
                  | scales. (AC +3) [demonic ancestry]
  3523 | D:4      | Reached XP level 5. HP: 42/42 MP: 5/5
  3747 | D:4      | Noticed a necrophage
  3754 | D:4      | Killed a necrophage
  3755 | D:4      | Reached XP level 6. HP: 49/49 MP: 6/6
  3803 | D:4      | Found a hide-covered altar of Uskayaw.
  4545 | D:5      | Entered Level 5 of the Dungeon
  4645 | D:5      | Reached skill level 5 in Fighting
  4775 | D:5      | Noticed Menkaure
  4785 | D:5      | Killed Menkaure
  4786 | D:5      | Gained mutation: A meltable shield of frost defends you.
                  | (SH +4) [demonic ancestry]
  4786 | D:5      | Reached XP level 7. HP: 56/56 MP: 7/7
  4971 | D:5      | Found a sacrificial altar of Ru.
  5216 | D:6      | You fall into a shaft and drop 2 floors!
  5259 | D:8      | Reached skill level 5 in Axes
  5557 | D:8      | Reached skill level 6 in Fighting
  5557 | D:8      | Reached skill level 1 in Shields
  5557 | D:8      | Reached XP level 8. HP: 34/64 MP: 8/8
  5597 | D:8      | Reached *** piety under Trog
  5607 | D:8      | HP: 3/64 [orc warrior/+0 long sword (7)]
  5746 | D:8      | Slain by an ogre

Illustrated notes

Levels and vault maps discovered:
D:1:      sevenhm_arrival_forest_fort_large_1, layout_loops_cross,
          hellmonk_ecumenical_altar_inner_sanctum, lemuel_flame_loot_1
D:2:      wad_lake_hut, layout_basic, minivault_19
D:3:      layout_loops_ring, serial_rivers, chequers_serial_rivers_micro_b,
          chequers_serial_rivers_marsh, chequers_serial_rivers_micro_b,
          chequers_serial_rivers_micro_d, chequers_serial_rivers_micro_c,
          chequers_serial_rivers_small_3
D:4:      layout_basic, lemuel_doored_altar
D:5:      layout_cave_pools, nicolae_ru_path_of_blood, uniq_menkaure
D:6:      layout_loops_ring, minmay_temple_entry_statues_pillars
D:7:      layout_basic, old_standard_altar, bh_walls_and_bars
D:8:      kennysheep_seaside_town, layout_loops_corners, amcnicky_altar_gilded,
          special_room [special_room_orc]

Skill      XL: |  1  2  3  4  5  6  7 |
---------------+----------------------+-----
Armour         | 2 3 |  3.8
Dodging        | 2 3 |  3.7
Axes           | 3 4 5 |  5.5
Fighting       | 4 5 6 |  6.1
Shields        | 1 |  1.1

Action                   |  1- 3 |  4- 6 |  7- 9 || total
-------------------------+-------+-------+-------++-------
Melee: Hand axe          |    98 |   153 |   119 ||   370
Invok: Berserk           |       |     3 |     3 ||     6
       Trog's Hand       |       |     2 |     4 ||     6
Evoke: Wand              |       |       |     2 ||     2
  Use: Scroll            |       |     1 |     2 ||     3
       Potion            |       |       |     9 ||     9
 Stab: Sleeping          |     2 |       |       ||     2
Armor: Animal skin       |    22 |       |       ||    22
       Ring mail         |    12 |    94 |       ||   106
       Plate armour      |       |     2 |    73 ||    75
       Skin              |       |       |     1 ||     1
Dodge: Dodged            |    72 |   107 |    68 ||   247
Block: Kite shield       |       |       |    93 ||    93
       Other             |       |       |     9 ||     9

Table legend: (Time is in decaauts)
 A = Elapsed time spent in this place.
 B = Non-inter-level travel time spent in this place.
 C = Inter-level travel time spent in this place.
 D = Time resting spent in this place.
 E = Time spent auto-exploring this place.
 F = Levels seen in this place.
 G = Mean time per level.
                   A        B        C        D        E       F      G
               +--------+--------+--------+--------+--------+-----+--------+
         Total |   5901 |   5653 |    248 |      3 |   4718 |   8 |  737.6 |
       Dungeon |   5901 |   5653 |    248 |      3 |   4718 |   8 |  737.6 |
               +--------+--------+--------+--------+--------+-----+--------+

Top non-repeatable levels by time:
     D:1: 1424 daAuts
     D:2: 1172 daAuts
     D:4: 1116 daAuts
     D:3: 936 daAuts
     D:5: 632 daAuts
     D:8: 571 daAuts
     D:6: 44 daAuts
     D:7: 1 daAuts
